 Dungeon Crawl Stone Soup version 0.31-a0-236-g9a0961fb85 (webtiles) character file.

Game seed: 4496279336788084003

44 qw the Shooter (level 3, -1/29 HPs)
             Began as a Minotaur Hexslinger on July 10, 2023.
             Slain by a goblin
             ... wielding a +0 dagger
             ... led by Robin
              (2 damage)
             ... on level 2 of the Dungeon.
             The game lasted 00:00:27 (1181 turns).

qw the Shooter (Minotaur Hexslinger)                Turns: 1181, Time: 00:00:27

Health: -1/29      AC:  5    Str: 12    XL:     3   Next: 41%
Magic:  3/3        EV: 11    Int: 10    God:
Gold:   76         SH:  0    Dex: 14    Spells: 3/4 levels left

rFire   . . .        Y - +1 sling
rCold   . . .        (no shield)
rNeg    . . .        h - +0 ring mail
rPois   .            (helmet restricted)
rElec   .            (no cloak)
rCorr   .            (no gloves)
SInv    .            (no boots)
Will    .....        (no amulet)
Stlth   +            (no ring)
HPRegen 0.24/turn    (no ring)
MPRegen 0.08/turn

%: no passive effects
@: no status effects
A: horns 2, retaliatory headbutt
a: no special abilities


You were on level 2 of the Dungeon.
You visited 1 branch of the dungeon, and saw 2 of its levels.

You collected 76 gold pieces.


Innate Abilities, Weirdness & Mutations

You have a pair of horns on your head.
You reflexively headbutt those who attack you in melee.


   Skills:
 - Level 2.0 Fighting
 - Level 4.0 Ranged Weapons
 + Level 0.0 Armour
 - Level 2.1 Dodging
 - Level 1.0 Spellcasting
 - Level 2.0 Hexes


You had 3 spell levels left.
You knew the following spells:

 Your Spells              Type           Power      Damage    Failure   Level
a - Slow                  Hex            16%        N/A       34%         1

Your spell library contained the following spells:

 Spells                   Type           Power      Damage    Failure   Level
 Inner Flame              Hex/Fire       2%         N/A       83%         3
 Portal Projectile        Hex/Tloc       4%         N/A       83%         3
 Cause Fear               Hex            2%         N/A       98%         4

Inventory:

Hand Weapons
 Y - a +1 sling (weapon)
Armour
 h - a +0 ring mail (worn)
Scrolls
 a - a scroll of teleportation {unknown}
Potions
 d - a potion of attraction {unknown}
 e - a potion of curing {unknown}
 f - a potion of magic {unknown}

Dungeon Overview and Level Annotations

Branches:
Dungeon (2/15)

Altars:
Xom

Annotations:
D:2 Robin


Message History

You furiously retaliate!
You headbutt the goblin!
You kill the goblin!
The goblin closely misses you. The goblin hits you but does no damage.
The hobgoblin misses you. The goblin barely misses you.
You shoot a sling bullet. The sling bullet hits the goblin!
You kill the goblin!
The goblin hits you with a +0 club. The hobgoblin closely misses you.
You shoot a sling bullet.
The sling bullet barely misses the hobgoblin. x2
The goblin hits you but does no damage. The hobgoblin misses you.
You furiously retaliate!
You headbutt the hobgoblin.
1177 ||| Stepping ~*~*~tactically~*~*~ (outnumbered).
The hobgoblin no longer looks unusually strong.
There is an open door here.
You see here a +0 club.
You shoot a sling bullet.
The sling bullet closely misses the goblin.
The sling bullet hits the hobgoblin but does no damage.
The hobgoblin is severely wounded.
The goblin barely misses you. The goblin hits you with a +0 club.
You shoot a sling bullet.
The sling bullet closely misses the goblin.
The sling bullet hits the hobgoblin but does no damage.
The hobgoblin is severely wounded.
The hobgoblin no longer looks unusually strong.
The goblin hits you with a +0 club.
You shoot a sling bullet.
The sling bullet barely misses the goblin.
The sling bullet hits the hobgoblin.
You kill the hobgoblin!
The hobgoblin no longer looks unusually strong.
The goblin no longer looks unusually strong.
The goblin barely misses you.
Your Ranged Weapons skill increases to level 4!
You shoot a sling bullet. The sling bullet hits the hobgoblin.
You kill the hobgoblin!
The goblin no longer looks unusually strong.
Robin throws the goblin at you! The goblin hits you with a +0 club.
The goblin hits you with a +0 dagger.
You die...

#... #.#......
#...######### #.#.#####
#...........# #.#.#....
###...........# #.#.#.###
..##.........# #.#.#.#..
............###.#.#.#.#
##).###...#.....#.#.#..
#.##..###g..#.###...#)###
#.....gg@...).....#.#....
#....gg##...#)###.#.#####
....... #<<.......#...._.
....?.g..........).......
##............##..#..####
..)...#.....####..#..#
.....##.._..# #..#..#
..... #...... #..#..#
#..... +..#..# ##


You could see Robin, a hobgoblin and 3 goblins.

Vanquished Creatures
  A dart slug (D:1)
  3 endoplasms
  2 giant cockroaches (D:1)
  10 goblins
  8 hobgoblins
  2 kobolds (D:2)
  A quokka (D:2)
  4 ball pythons
  2 bats (D:1)
  4 rats (D:1)
37 creatures vanquished.

Notes
Turn   | Place    | Note
-------+----------+-------------------------------------------
     0 | D:1      | qw the Minotaur Hexslinger began the quest for the Orb.
     0 | D:1      | Reached XP level 1. HP: 16/16 MP: 1/1
     0 | D:1      | 0 ||| qw: Version: 0.3-a-52-g30416fa
     0 | D:1      | 0 ||| qw: Game counter: 4605
     0 | D:1      | 0 ||| qw: Melee chars always use a shield: true
     0 | D:1      | 0 ||| qw: God list: Okawaru
     0 | D:1      | 0 ||| qw: Allow faded altars: false
     0 | D:1      | 0 ||| qw: Do Orc after clearing Dungeon:15 true
     0 | D:1      | 0 ||| qw: Do second Lair branch before Depths: true
     0 | D:1      | 0 ||| qw: Lair rune preference: random
     0 | D:1      | 0 ||| qw: Goals: Normal
     0 | D:1      | 0 ||| PLANNING D:1-11
   202 | D:1      | Reached skill level 3 in Ranged Weapons
   238 | D:1      | Reached XP level 2. HP: 23/23 MP: 2/2
   772 | D:1      | 772 ||| UPGRADING to +0 leather armour.
   782 | D:1      | 782 ||| DROPPING +0 robe.
   783 | D:1      | 783 ||| UPGRADING to +0 ring mail.
   793 | D:1      | 793 ||| DROPPING +0 leather armour.
   794 | D:1      | 794 ||| READING scroll labelled JIHIEHED DOPAAMEO.
   895 | D:1      | 895 ||| READING scroll labelled QONNOSA EMIS.
   896 | D:1      | 896 ||| DROPPING scroll of poison.
  1064 | D:2      | Reached XP level 3. HP: 28/29 MP: 3/3
  1109 | D:2      | Found a faded altar of an unknown god.
  1111 | D:2      | Found a shimmering altar of Xom.
  1167 | D:2      | Noticed Robin
  1177 | D:2      | 1177 ||| Stepping ~*~*~tactically~*~*~ (outnumbered).
  1178 | D:2      | HP: 5/29 [goblin/+0 club[Robin] (4)]
  1179 | D:2      | HP: 2/29 [goblin/+0 club[Robin] (3)]
  1181 | D:2      | Reached skill level 4 in Ranged Weapons
  1181 | D:2      | Slain by a goblin

Levels and vault maps discovered:
D:1:      dpeg_arrival_water_fire, layout_basic, interstate_on_off
D:2:      layout_basic, basic_ecumenical_altar, basic_altar, uniq_robin

Skill      XL: |  1  2  3 |
---------------+----------+-----
Ranged Weapons | 3 4 |  4.0
Fighting       | 2 |  2.0
Dodging        | |  2.1
Spellcasting   | |  1.0
Hexes          | |  2.0

Action                     || total
---------------------------++-------
   Fire: Sling             ||   111
    Use: Scroll            ||     2
 Armour: Robe              ||     2
         Ring mail         ||    16
  Dodge: Dodged            ||    43

Table legend:
 A = Non-vault XP
 B = Vault XP
 C = Vault XP percentage of total XP
 D = Non-vault monster count
 E = Vault monster count
 F = Vault count percentage of total count
                 A         B        C        D         E       F
            +---------+---------+-------+---------+---------+-------
      Total |      50 |      16 |  24.2 |      29 |       8 |  21.6
            +---------+---------+-------+---------+---------+-------
        D:1 |      35 |       0 |   0.0 |      20 |       0 |   0.0
        D:2 |      15 |      16 |  51.6 |       9 |       8 |  47.1
            +---------+---------+-------+---------+---------+-------
